 Dungeon Crawl Stone Soup version 0.26.0-7-g794d0892b4 (webtiles) character file.

Game seed: 13461436990843372380

5422 lessens the Carver (level 10, -25/56 HPs)
             Began as a Tengu Abyssal Knight on Jan 11, 2021.
             Was an Elder of Lugonu.
             Killed from afar by Erica (27 damage)
             ... with a bolt of poison
             ... on level 9 of the Dungeon.
             The game lasted 00:18:50 (11564 turns).

lessens the Carver (Tengu Abyssal Knight)          Turns: 11564, Time: 00:18:50

Health: -25/56     AC:  7    Str: 16    XL:     10   Next: 67%
Magic:  16/16      EV: 10    Int: 12    God:    Lugonu [****..]
Gold:   310        SH:  7    Dex: 18    Spells: 9/9 levels left

rFire    x . .     SeeInvis .   M - +4 scimitar of Causality {vorpal, rC+ Dex+4}
rCold    + + .     Faith    .   d - +0 kite shield
rNeg     . . .     Spirit   .   c - +0 scale mail
rPois    .         Reflect  .   (helmet restricted)
rElec    .         Harm     .   x - +0 cloak
rCorr    .         Rampage  .   (no gloves)
Will     .....                  (boots unavailable)
Stlth    +.........             K - amulet of the acrobat
HPRegen  0.18/turn              v - ring of ice
MPRegen  0.15/turn              r - ring of stealth

@: mighty, lethally poisoned (-25 -> -34), about to teleport, flying quickly and
evasively, quick
A: beak, talons 3, able to fly
a: Stop Flying, Renounce Religion, Depart the Abyss, Bend Space, Banish, Corrupt


You were on level 9 of the Dungeon.
You worshipped Lugonu.
Lugonu was greatly pleased with you.
You visited 1 branch of the dungeon, and saw 9 of its levels.
You visited the Abyss 1 time.

You collected 460 gold pieces.
You spent 150 gold pieces at shops.

Inventory:

Hand Weapons
 a - a +1 falchion
 g - a +0 long sword
 k - a +3 dagger
 u - a +1 dagger of venom
 E - a +3 long sword
 M - the +4 scimitar of Causality (weapon) {vorpal, rC+ Dex+4}
   (You found it on level 7 of the Dungeon)

   It inflicts extra damage upon your enemies.
   It affects your dexterity (+4).
   It protects you from cold.
Missiles
 e - 319 stones
 f - 15 poisoned darts (quivered)
 i - a throwing net
 w - 16 boomerangs
 N - 5 curare-tipped darts
Armour
 c - a +0 scale mail (worn)
 d - a +0 kite shield (worn)
 x - a +0 cloak (worn)
 C - a +0 pair of gloves
Jewellery
 h - an uncursed ring of attention
 r - a ring of stealth (right hand)
 v - a ring of ice (left hand)
 F - a +6 ring of intelligence
 K - an amulet of the acrobat (around neck)
Scrolls
 b - 10 scrolls of remove curse
 l - a scroll of enchant armour {unknown}
 m - a scroll of blinking {unknown}
 o - 4 scrolls of enchant weapon
 p - 4 scrolls of teleportation
 q - a scroll of noise {unknown}
 s - 2 scrolls of amnesia {unknown}
 y - 7 scrolls of identify
 A - a scroll of fear {unknown}
 D - a scroll of magic mapping {unknown}
 J - a scroll of random uselessness {unknown}
 L - a scroll of silence {unknown}
Potions
 j - 3 potions of curing
 n - 3 potions of resistance
 t - a potion of attraction
 z - a potion of brilliance
 B - a potion of mutation
 G - a potion of ambrosia
 H - a potion of lignification {unknown}
 I - a potion of might
 O - 2 potions of degeneration {unknown}


   Skills:
 - Level 3.0 Fighting
 * Level 13.7 Long Blades
 - Level 2.1 Armour
 + Level 4.0 Dodging
 - Level 7.4 Invocations


You had 9 spell levels left.
You didn't know any spells.
Your spell library contained the following spells:

 Spells                   Type           Power        Failure   Level
 Summon Small Mammal      Summ           0%           100%        1
 Call Imp                 Summ           0%           100%        2
 Call Canine Familiar     Summ           0%           100%        3
 Summon Guardian Golem    Hex/Summ       0%           100%        3
 Summon Ice Beast         Ice/Summ       0%           100%        4
 Summon Lightning Spire   Summ/Air       0%           100%        4


Dungeon Overview and Level Annotations

Branches:
Dungeon (9/15)             Temple (0/1) D:7
   Lair: D:8-11         Orc: D:9-12

Altars:
Ashenzari
Dithmenos
Okawaru
Trog
The Shining One

Shops:
D:4 *

Annotations:
D:9 Erica
Abyss:1 Joseph


Innate Abilities, Weirdness & Mutations

You have a beak for a mouth.
You have claws for feet.
You can fly continuously.


Message History

Lugonu accepts your kill.
Your Dodging skill increases to level 4!
You slash something! You claw something! You peck something.
Something hits you. Something burns you.
You completely miss something. Something hits you! Something burns you.
* * * LOW HITPOINT WARNING * * *
You miss something. Your kick misses something. You miss something.
You claw something! You peck something.
You hear some strange, mumbled words.
A lance of force appears from out of thin air!
The lance of force hits you!
* * * LOW HITPOINT WARNING * * *
You are knocked back by the lance of force.
As you read the scroll of teleportation, it crumbles to dust.
You feel strangely unstable.
You hear some strange, mumbled words.
A bolt of poison appears from out of thin air!
The bolt of poison hits you!!
You are lethally poisoned!
You die...

... ........# ...
.......Z# #.# #######B#
#.# #{# #.# #.# #.# #.#
#†# #.#######.# #.#
#.........#
#####.##########@.########
....†.†...........#
..................#
.####.............# .#
#..########...# .# #..#
#...# .# #..# #...# .#
#..# #...# .. ...# #...#


You could see a worker ant and an adder skeleton.

Vanquished Creatures
  Harold (D:8)
  Pikel (D:7)
  Psyche (D:8)
  Menkaure (D:6)
  A water moccasin (D:8)
  Duvessa (D:7)
  A hornet zombie (D:8)
  2 eyes of draining (D:4)
  7 ogres
  A phantom (D:6)
  2 centaurs
  A lemure (D:7)
  A bullfrog (D:8)
  Dowan (D:7)
  6 scorpions
  4 howler monkeys
  6 wights (D:6)
  A crimson imp (D:4)
  A bullfrog zombie (D:5)
  2 centaur zombies (D:5)
  3 orc priests
  4 hounds
  A gnoll shaman (D:4)
  A jelly (D:2)
  6 orc wizards
  2 bullfrog skeletons (D:4)
  3 iguanas
  Jessica (D:3)
  2 worker ants
  A worker ant zombie (D:6)
  3 gnolls (D:4)
  A howler monkey skeleton (D:4)
  14 adders
  3 shadow imps
  3 white imps
  4 ufetubi
  An ooze (D:7)
  5 worms
  2 dart slugs (D:2)
  3 leopard geckos
  29 orcs
  3 ball pythons
  4 giant cockroaches
  8 goblins
  7 hobgoblins
  8 kobolds
  5 quokkas
  6 bats
  7 frilled lizards
  A jackal skeleton (D:7)
  2 jackal zombies
  A quokka skeleton (D:5)
  5 rats
191 creatures vanquished.

Notes
Turn   | Place    | Note
-------+----------+-------------------------------------------
     0 | Abyss:1  | lessens the Tengu Abyssal Knight began the quest for the
                  | Orb.
     0 | Abyss:1  | Reached XP level 1. HP: 14/14 MP: 3/3
   108 | Abyss:1  | Found a corrupted altar of Lugonu.
   118 | D:1      | Escaped the Abyss
   175 | D:1      | Reached XP level 2. HP: 19/19 MP: 4/4
   227 | D:1      | Reached skill level 3 in Long Blades
   589 | D:2      | Reached XP level 3. HP: 22/23 MP: 5/5
   630 | D:2      | Reached ** piety under Lugonu
   631 | D:2      | Reached skill level 4 in Long Blades
   780 | D:2      | Reached XP level 4. HP: 12/28 MP: 6/6
   998 | D:2      | Reached skill level 5 in Long Blades
  1430 | D:3      | You fall into a shaft and drop 1 floor!
  1494 | D:4      | Noticed an ogre
  1824 | D:3      | Gained mutation: You can fly continuously. [Tengu growth]
  1824 | D:3      | Reached XP level 5. HP: 32/32 MP: 7/7
  2085 | D:3      | Noticed Jessica
  2092 | D:3      | Killed Jessica
  2094 | D:3      | Reached *** piety under Lugonu
  2133 | D:3      | Reached skill level 6 in Long Blades
  2342 | D:4      | Noticed an ogre
  2547 | D:4      | Reached XP level 6. HP: 31/37 MP: 8/8
  2931 | D:4      | Found Ebecurah's General Store.
  2934 | D:4      | Bought a scroll of identify for 24 gold pieces
  2934 | D:4      | Bought a scroll of remove curse for 36 gold pieces
  2934 | D:4      | Bought a scroll of enchant weapon for 90 gold pieces
  2996 | D:4      | Reached skill level 7 in Long Blades
  3067 | D:4      | Reached XP level 7. HP: 23/41 MP: 10/10
  4024 | D:4      | Reached skill level 8 in Long Blades
  4056 | D:4      | Found a bloodstained altar of Trog.
  4093 | D:4      | Reached XP level 8. HP: 46/46 MP: 0/12
  4429 | D:5      | Entered Level 5 of the Dungeon
  4547 | D:5      | Reached skill level 9 in Long Blades
  4722 | D:4      | Found an iron altar of Okawaru.
  4722 | D:4      | Found a shadowy altar of Dithmenos.
  5339 | D:5      | Reached skill level 5 in Invocations
  6097 | D:6      | Reached skill level 10 in Long Blades
  6320 | D:6      | Reached XP level 9. HP: 29/50 MP: 14/14
  6707 | D:6      | Noticed Menkaure
  6728 | D:6      | Killed Menkaure
  6729 | D:6      | Reached skill level 11 in Long Blades
  6866 | D:6      | Reached **** piety under Lugonu
  7399 | D:6      | Found a glowing golden altar of the Shining One.
  7475 | D:6      | Found a broken altar of Ashenzari.
  7937 | D:7      | Noticed Dowan
  7937 | D:7      | Noticed Duvessa
  7964 | D:7      | Killed Duvessa
  7964 | D:7      | Killed Dowan
  8599 | D:7      | Noticed Joseph
  8633 | D:7      | Banished Joseph
  8634 | D:7      | Reached skill level 12 in Long Blades
  8822 | D:7      | Noticed Pikel
  8841 | D:7      | Killed Pikel
  8842 | D:7      | Reached XP level 10. HP: 32/56 MP: 16/16
  8999 | D:7      | HP: 2/56 [killer bee (8)]
  9743 | D:7      | Got a bloodstained scimitar
  9745 | D:7      | Identified the +4 scimitar of Causality {vorpal, rC+ Dex+4}
                  | (You found it on level 7 of the Dungeon)
 10017 | D:7      | Found a staircase to the Ecumenical Temple.
 10208 | D:8      | Noticed Psyche
 10213 | D:8      | Noticed Harold
 10582 | D:8      | Killed Harold
 10583 | D:8      | Reached skill level 13 in Long Blades
 11088 | D:8      | Killed Psyche
 11524 | D:9      | Noticed Erica
 11563 | D:9      | HP: 2/56 [something/lance of force (12)]
 11564 | D:9      | Killed from afar by Erica

Illustrated notes

Levels and vault maps discovered:
D:1:      dpeg_arrival_orchard, layout_rooms
D:2:      layout_rooms, kennysheep_generic_room_16
D:3:      layout_loops_ring, uniq_jessica
D:4:      layout_loops_corners, trog_eyes_of_draining,
          nicolae_overflow_hidden_temple, serial_shops,
          nicolae_shop_behind_doors, minmay_fire_ice_demons
D:5:      layout_basic
D:6:      layout_basic, marbit_many_paths, lemuel_statue_altar, uniq_menkaure
D:7:      layout_basic, temple_hall, minmay_increasing_density, uniq_pikel,
          uniq_duvessa, uniq_joseph
D:8:      layout_loops_ring, kennysheep_generic_room_10, uniq_harold,
          uniq_psyche
D:9:      layout_small_grid, lemuel_round_altar, lemuel_doored_altar,
          dk_yredelemnul_ordeal, uniq_erica

Skill      XL: |  1  2  3  4  5  6  7  8  9 10 |
---------------+-------------------------------+-----
Long Blades    | 3 4 5 6 7 8 10 12 13 | 13.7
Invocations    | 2 3 4 5 7 |  7.4
Dodging        | 4 |  4.0
Fighting       | |  3.0
Armour         | |  2.1

Action                   |  1- 3 |  4- 6 |  7- 9 | 10-12 || total
-------------------------+-------+-------+-------+-------++-------
Melee: Falchion          |    11 |       |       |       ||    11
       Dagger            |    37 |   165 |   144 |       ||   346
       Kick              |    11 |    42 |   129 |    32 ||   214
       Peck              |     2 |    32 |    83 |    24 ||   141
       Long sword        |       |       |   252 |    18 ||   270
       Scimitar          |       |       |       |    81 ||    81
Throw: Dart              |       |       |     7 |     5 ||    12
Invok: Banish            |       |       |     4 |     2 ||     6
 Abil: Fly               |       |     1 |       |       ||     1
  Use: Scroll            |       |     7 |     3 |     3 ||    13
       Potion            |       |       |     5 |     6 ||    11
Armor: Leather armour    |     3 |       |       |       ||     3
       Scale mail        |    11 |    59 |    79 |    29 ||   178
Dodge: Dodged            |    19 |    31 |    98 |    28 ||   176
Block: Kite shield       |    12 |    39 |    80 |    22 ||   153
       Rpst.: Falchion   |     4 |       |       |       ||     4
       Long sword        |       |       |    21 |       ||    21
       Scimitar          |       |       |       |     5 ||     5
